AoeStats
← Miguel GC

Arabia

509725729Analyzed
1v1 RM · 5d ago on Sep 27, 2026· 48m 13s· 2 players
Game mode
Random Map
Map size
Tiny (2 player)
Population
200
Speed
Normal
Resources
Standard
Victory
Conquest
Starting age
Dark Age
Ending age
Imperial Age
RankedLock teamsTeams togetherTeam positionsShared explorationLock speedFull tech treeHidden civsTurbo modeCheats
Victory
Defeat
🇲🇽 Inca · Mexico
1709
+15
🇪🇸 Georgians · Spain
1689
-15
Tdb.Ricardo90
6:18 Loom
8:44 Feudal Age
9:19 Double-Bit Axe
11:03 Forging
15:27 Padded Archer Armor
19:13 Horse Collar
23:39 Castle Age
22:19 Fletching
22:42 Bloodlines
24:20 Bodkin Arrow
24:44 Bow Saw
25:00 Gold Mining
27:36 Ballistics
27:19 Husbandry
29:35 Leather Archer Armor
31:01 Scale Barding Armor
38:41 Chain Barding Armor
38:56 Iron Casting
41:46 Wheelbarrow
43:46 Imperial Age
43:48 Cavalier
45:05 Plate Barding Armor
45:28 Parthian Tactics
45:15 Bracer
46:49 Elite Skirmisher
47:51 Heavy Plow
Miguel GC
6:28 Loom
8:55 Feudal Age
9:00 Champi Runner
13:31 Fletching
15:57 Arson
21:06 Castle Age
19:25 Scale Mail Armor
19:47 Double-Bit Axe
20:44 Forging
21:11 Champi Warrior
21:35 Horse Collar
22:24 Bow Saw
22:24 Gold Mining
23:38 Squires
26:06 Chain Mail Armor
26:59 Elite Skirmisher
28:56 Padded Archer Armor
29:18 Town Watch
30:21 Leather Archer Armor
30:15 Bodkin Arrow
31:21 Pikeman
34:35 Wheelbarrow
36:57 Ballistics
37:30 Iron Casting
37:58 Hand Cart
37:59 Stone Mining
38:10 Heavy Plow
42:28 Imperial Age
41:01 Thumb Ring
40:16 Crossbowman
42:36 Elite Champi Warrior
43:48 Plate Mail Armor
44:19 Blast Furnace
42:44 Halberdier
46:12 Bracer
49:06 Conscription
Connection lost

Rejoining the realm…

Still unreachable

The connection could not be restored.

Session expired

The server has moved on; the page needs a fresh start.